 Dungeon Crawl Stone Soup version 0.17.2-1-ge4368a0 (webtiles) character file.

3255 Goblin1989 the Grappler (level 9, -8/87 HPs)
             Began as a Troll Fighter on Aug 31, 2016.
             Was a Priest of Okawaru.
             Mangled by a six-headed hydra (12 damage)
             ... on level 1 of the Lair of Beasts on Sept 1, 2016.
             The game lasted 00:32:39 (2625 turns).

Goblin1989 the Grappler (Troll Fighter)             Turns: 2625, Time: 00:32:40

Health: -8/87      AC:  5    Str: 31    XL:     9   Next: 67%
Magic:  6/8        EV: 13    Int:  7    God:    Okawaru [***...]
Gold:   275        SH: 12    Dex:  9    Spells: 0 memorised, 8 levels left

rFire  x . .     SeeInvis .     b - +8 whip "Snakebite" {curare, rPois}
rCold  + . .     Clarity  .     a - +0 robe
rNeg   . . .     SustAt   .     u - +0 shield
rPois  +         Gourm    +     (helmet restricted)
rElec  .         Spirit   .     (no cloak)
rCorr  .         Warding  .     (gloves unavailable)
rMut   .         Stasis   +     (boots unavailable)
MR     .....                    e - amulet of stasis
Stlth  ++........               (no ring)
                                h - ring of ice

@: mighty, heroism, not resistant to hostile enchantments, unstealthy
A: unfitting armour, claws 3, fast metabolism 3, gourmand, regeneration 2,
shaggy fur 1, tough skin 2
a: Heroism, Renounce Religion


You were on level 1 of the Lair of Beasts.
You worshipped Okawaru.
Okawaru was most pleased with you.
You were full.

You visited 2 branches of the dungeon, and saw 12 of its levels.

You collected 275 gold pieces.

Inventory:

Hand Weapons
 b - the +8 whip "Snakebite" (weapon) {curare, rPois}
   (You found it on level 8 of the Dungeon)

   It poisons the flesh of those it strikes.
   It protects you from poison.
Missiles
 c - 2 needles of paralysis
Armour
 a - a +0 robe (worn)
 u - a +0 shield (worn)
Jewellery
 e - an amulet of stasis (around neck)
 h - a ring of ice (left claw)
 y - an uncursed ring of teleportation
Wands
 v - a wand of hasting (4)
 B - a wand of disintegration (7)
Scrolls
 j - a scroll of recharging
 m - 2 scrolls of magic mapping
 n - 3 scrolls of teleportation
 p - a scroll of fog
 s - 2 scrolls of blinking
 t - a scroll of immolation {unknown}
 z - a scroll of remove curse
Potions
 g - a potion of flight {unknown}
 k - a potion of invisibility
 l - 3 potions of agility
 o - a potion of curing
 r - a potion of resistance {unknown}
 A - a potion of degeneration {unknown}
Books
 x - a book of Summonings

   Spells                             Type                      Level
   a - Recall                         Summoning/Translocation      3
   b - Aura of Abjuration             Summoning                    5
   c - Shadow Creatures               Summoning                    5
   d - Summon Demon                   Summoning                    5
   e - Summon Forest                  Summoning/Translocation      5
   f - Summon Mana Viper              Hexes/Summoning              5
Comestibles
 d - 6 bread rations
 f - 2 slices of pizza
 i - 10 fruits
 q - a beef jerky


   Skills:
 + Level 4.9(9.9) Fighting
 + Level 4.8(9.8) Dodging
 + Level 4.6(9.6) Shields
 * Level 10.7(15.7) Unarmed Combat


You had 8 spell levels left.
You didn't know any spells.

Dungeon Overview and Level Annotations

Branches:
Dungeon (11/15)            Temple (0/1) D:5            Lair (1/8) D:10
    Orc: D:9-12

Altars:
Gozag
Okawaru
Qazlal

Shops:
D:2 *

Annotations:
D:6 Grinder


Innate Abilities, Weirdness & Mutations

You are too large for most types of armour.
You have claws for hands.
Your metabolism is lightning-fast.
You like to eat raw meat.
You heal very quickly.
You are covered in fur (AC +1).
You have very tough skin (AC +2).


Message History

You thrash the six-headed hydra!!
The six-headed hydra is moderately wounded.
You completely miss the six-headed hydra.
The six-headed hydra is moderately wounded.
The six-headed hydra bites you. The six-headed hydra bites you!
* * * LOW HITPOINT WARNING * * *
You block the six-headed hydra's attack.
The six-headed hydra bites you.
* * * LOW HITPOINT WARNING * * *
The six-headed hydra barely misses you.
You block the six-headed hydra's attack.
You take 15 damage, and have 16/87 hp.
Unknown command.
You thrash the six-headed hydra!!
The six-headed hydra is heavily wounded.
The six-headed hydra bites you!
* * * LOW HITPOINT WARNING * * *
You block the six-headed hydra's attack. x2
The six-headed hydra barely misses you. The six-headed hydra bites you!
You die...

.........
#.......#
#........
.........
##.......#
.........
###.......# #
#..D.......
#.#†@#.....P.
#.<##......#
#...##
.....## #..#
.....# ...#
#.(.## .....
...# ....
.... ... ...


You could see a six-headed hydra.

Vanquished Creatures
  The ghost of Goblin1989 the Basher, a novice OgGl (D:4)
  A kobold demonologist (D:11)
  The ghost of Goblin1989 the Sneak, an amateur DsAs (D:5)
  A deep elf mage (D:9)
  A water moccasin (D:9)
  3 orc warriors
  An ice beast (D:9)
  An ogre (D:5)
  3 phantoms
  A crocodile (Lair:1)
  A centaur (D:7)
  The ghost of Goblin1989 the Ducker, an amateur SpGl (D:3)
  4 giant frogs
  A scorpion (D:8)
  4 crimson imps
  A quasit (D:6)
  2 jellies
  6 orc wizards
  5 orc priests
  A centaur skeleton (D:5)
  3 worker ants
  3 iguanas
  A worker ant zombie (D:9)
  4 gnolls
  7 adders
  2 shadow imps
  2 oozes
  2 worms (D:5)
  7 giant geckos
  34 orcs
  3 giant cockroaches
  6 goblins
  4 hobgoblins
  4 quokkas
  4 ball pythons
  4 bats
  5 giant newts
  3 jackals (D:7)
  7 kobolds
  3 rats
148 creatures vanquished.

Vanquished Creatures (others)
  An orc (D:9)
  A plant (D:10)
2 creatures vanquished.

Grand Total: 150 creatures vanquished

Notes
Turn   | Place    | Note
--------------------------------------------------------------
     0 | D:1      | Goblin1989 the Troll Fighter began the quest for the Orb.
     0 | D:1      | Reached XP level 1. HP: 22/22 MP: 0/0
    35 | D:2      | Found Gozag's Platinum Reserve.
    47 | D:2      | Found an opulent altar of Gozag.
   185 | D:2      | Reached XP level 2. HP: 29/29 MP: 1/1
   291 | D:3      | Noticed Goblin1989's ghost (amateur SpGl)
   307 | D:3      | Reached skill level 3 in Unarmed Combat
   322 | D:3      | Killed Goblin1989's ghost
   322 | D:3      | Reached skill level 4 in Unarmed Combat
   322 | D:3      | Reached XP level 3. HP: 23/36 MP: 2/2
   322 | D:3      | Reached XP level 4. HP: 28/44 MP: 3/3
   480 | D:3      | Found an iron altar of Okawaru.
   492 | D:3      | Became a worshipper of Warmaster Okawaru
   495 | D:3      | Reached skill level 5 in Unarmed Combat
   584 | D:4      | Reached XP level 5. HP: 50/50 MP: 4/4
   760 | D:4      | Reached skill level 6 in Unarmed Combat
   835 | D:4      | Noticed Goblin1989's ghost (novice OgGl)
   851 | D:4      | Killed Goblin1989's ghost
   851 | D:4      | Reached * piety under Okawaru
   851 | D:4      | Reached skill level 8 in Unarmed Combat
   851 | D:4      | Reached XP level 6. HP: 59/59 MP: 5/5
   851 | D:4      | Reached XP level 7. HP: 66/66 MP: 6/6
   953 | D:5      | Entered Level 5 of the Dungeon
  1121 | D:5      | Reached ** piety under Okawaru
  1164 | D:5      | Found a staircase to the Ecumenical Temple.
  1193 | D:5      | Noticed Goblin1989's ghost (amateur DsAs)
  1205 | D:5      | Killed Goblin1989's ghost
  1205 | D:5      | Reached XP level 8. HP: 52/75 MP: 7/7
  1229 | D:6      | Reached skill level 9 in Unarmed Combat
  1598 | D:9      | Reached *** piety under Okawaru
  1716 | D:9      | Reached XP level 9. HP: 46/84 MP: 8/8
  1833 | D:9      | Reached skill level 10 in Unarmed Combat
  1886 | D:10     | Entered Level 10 of the Dungeon
  2106 | D:11     | Noticed a cyclops
  2106 | D:11     | Noticed a kobold demonologist
  2106 | D:11     | Noticed a kobold demonologist
  2111 | D:11     | Noticed an orange demon
  2112 | D:11     | Noticed an ice devil
  2112 | D:11     | Killed a kobold demonologist
  2131 | D:10     | Found a staircase to the Lair.
  2132 | D:10     | Noticed a komodo dragon
  2248 | D:7      | Found an opulent altar of Gozag.
  2324 | D:7      | Reached **** piety under Okawaru
  2335 | D:6      | Found a stormy altar of Qazlal.
  2457 | D:6      | Noticed Grinder
  2611 | Lair:1   | Entered Level 1 of the Lair of Beasts
  2614 | Lair:1   | Noticed a six-headed hydra
  2625 | Lair:1   | HP: 4/87 [six-headed hydra (13)]
  2625 | Lair:1   | Mangled by a six-headed hydra

Action                   |  1- 3 |  4- 6 |  7- 9 || total
-------------------------+-------+-------+-------++-------
Melee: Unarmed           |    52 |   128 |   294 ||   474
       Whip              |       |       |     3 ||     3
Invok: Heroism           |       |       |     5 ||     5
  Use: Potion            |     1 |     2 |     2 ||     5
       Scroll            |       |       |    11 ||    11
 Stab: Sleeping          |       |     1 |       ||     1
  Eat: Chunk             |     7 |     6 |    15 ||    28
